 Dungeon Crawl Stone Soup version 0.19.5 (webtiles) character file.

16850 mike2R the Archer (level 12, -12/96 HPs)
             Began as a Centaur Hunter on Apr 24, 2017.
             Was an Elder of Qazlal.
             Hit by a large rock thrown by a stone giant (39 damage)
             ... on level 1 of the Orcish Mines on Apr 25, 2017.
             The game lasted 02:34:08 (14376 turns).

mike2R the Archer (Centaur Hunter)                 Turns: 14376, Time: 02:34:23

Health: -12/96     AC: 21    Str: 16    XL:     12   Next: 13%
Magic:  15/16      EV: 10    Int: 15    God:    Qazlal [****..]
Gold:   879        SH:  5    Dex: 12    Spells: 4 memorised, 3 levels left

rFire  . . .     SeeInvis .     b - +5 shortbow
rCold  . . .     Gourm    .     h - +2 robe {MR+}
rNeg   . . .     Faith    .     (shield currently unavailable)
rPois  .         Spirit   .     G - +2 hat {Int+3}
rElec  .         Reflect  .     g - +1 cloak {MR+}
rCorr  .         Harm     .     y - +0 pair of gloves
MR     +++..                    (no barding)
Stlth  +.........               (no amulet)
                                L - +4 ring of protection
                                m - ring of protection from magic

@: icy armour, repel missiles, quick
A: hooves 3, deformed body, speed 2, tough skin 3
a: Upheaval, Elemental Force, Renounce Religion


You were on level 1 of the Orcish Mines.
You worshipped Qazlal.
Qazlal was greatly pleased with you.
You were very hungry.

You visited 3 branches of the dungeon, and saw 12 of its levels.

You collected 879 gold pieces.

Inventory:

Hand Weapons
 a - the +8 trident of the Octopus King {venom, rElec rPois MR+}
   (You took it off a centaur on level 9 of the Dungeon)

   It poisons the flesh of those it strikes.
   It insulates you from electricity.
   It protects you from poison.
   It affects your resistance to hostile enchantments.
 b - a +5 shortbow (weapon)
Missiles
 d - 178 arrows (quivered)
Armour
 c - a +2 ring mail of cold resistance
 e - a +0 troll leather armour
 g - a +1 cloak of magic resistance (worn)
 h - a +2 robe of magic resistance (worn)
 i - a +2 robe of the Archmagi
 y - a +0 pair of gloves (worn)
 G - a +2 hat of intelligence (worn)
Jewellery
 m - a ring of protection from magic (left hand)
 L - a +4 ring of protection (right hand)
Wands
 w - a wand of confusion (24/48)
 C - a wand of disintegration (7/24)
Scrolls
 n - 2 scrolls of enchant armour {unknown}
 o - 5 scrolls of teleportation
 q - a scroll of acquirement {unknown}
 t - 3 scrolls of magic mapping
 T - 2 scrolls of random uselessness {unknown}
Potions
 k - 4 potions of flight
 p - a potion of invisibility
 s - a potion of cancellation
 x - a potion of lignification
 z - a potion of berserk rage
 A - 4 potions of brilliance
 D - 3 potions of might
 F - a potion of resistance {unknown}
 H - a potion of heal wounds {unknown}
Comestibles
 f - 8 bread rations


   Skills:
 + Level 6.3 Fighting
   Level 7.1(8.5) Axes
   Level 4.1(6.1) Maces & Flails
 - Level 5.4(7.1) Polearms
 - Level 14.2 Bows
 - Level 4.0 Armour
 - Level 1.3 Dodging
 - Level 0.4 Stealth
 - Level 4.0 Charms
 - Level 2.4 Transmutations
 - Level 5.1 Ice Magic
 - Level 6.6 Invocations


You had 3 spell levels left.
You knew the following spells:

 Your Spells              Type           Power        Failure   Level  Hunger
a - Beastly Appendage     Tmut           #.....       12%         1    ##.....
b - Repel Missiles        Chrm/Air       #.....       17%         2    ###....
c - Swiftness             Chrm/Air       #.......     17%         2    ###....
d - Ozocubu's Armour      Chrm/Ice       ##......     14%         3    ####...


Dungeon Overview and Level Annotations

Branches:
Dungeon (9/15)             Temple (1/1) D:6             Orc (2/2) D:9
    Elf (0/3) Orc:2
   Lair: D:8-11

Altars:
Ashenzari
Cheibriados
Dithmenos
Elyvilon
Fedhas
Gozag
Hepliaklqana
Kikubaaqudgha
Makhleb
Nemelex Xobeh
Okawaru
Qazlal
Ru
Sif Muna
Trog
Uskayaw
Vehumet
Xom
Yredelemnul
Zin
The Shining One

Shops:
D:6 }   Orc:2 %

Annotations:
Orc:1 stash


Innate Abilities, Weirdness & Mutations

You have hooves in place of feet.
Armour fits poorly on your strangely shaped body.
You cover ground very quickly.
You have extremely tough skin. (AC +3)


Message History

The orc warlord is heavily wounded.
Firing (i - inventory):
d - 179 arrows (quivered)
Press: ? - help, Shift-Dir - straight line, f/p - orc warlord
Aim: an orc warlord, wielding an arbalest and wearing a shiny plate armour (heavily wounded)
You shoot an arrow. The arrow hits the orc warlord!
The orc warlord is heavily wounded.
The orc warlord shoots a bolt.
The bolt hits you!!
* * * LOW HITPOINT WARNING * * *
You see here a short sword.
You see here a club.
There is a stone staircase leading up, spattered with blood here.
Things that are here:
a leather armour; a hand axe; a short sword You climb upwards.
Level annotation: stash The ogre shouts!
The orc shouts!
A stone giant comes into view.
You hear a shout! x2
The stone giant throws a large rock.
The large rock hits you!!!
You die...

...o ..... .#
#... #.o.##.$
.$........#.
#.... .....
..$.......#
.....§#.§.#
..........#
oO.....@.#
o.......#....#
......§.. .###
o.....C#.. #
......# ..#
...... ..#
.....# ...
..... ....


You could see a stone giant, an orc warrior (wandering), an ogre, 2 orc wizards
and 2 orcs.

Vanquished Creatures
  Gastronok (D:7)
  Josephine (D:9)
  3 orc high priests (Orc:2)
  Pikel (D:8)
  4 orc knights
  5 orc sorcerers
  The ghost of plantmann the Covert, a novice SpEn of Dithmenos (D:6)
  A troll (Orc:2)
  A two-headed ogre (D:9)
  A hippogriff (D:9)
  4 wraiths
  3 yaks (D:9)
  3 wargs
  2 sky beasts
  4 slaves (D:8)
  17 orc warriors
  2 ice beasts
  11 ogres
  2 phantoms
  A wolf (D:8)
  4 centaurs
  6 bullfrogs
  A scorpion (D:4)
  3 killer bees (D:9)
  3 wights (D:9)
  A vampire bat (Orc:2)
  2 howler monkeys
  3 crimson imps
  A bullfrog zombie (D:5)
  A quasit (D:7)
  2 bullfrog skeletons
  2 hounds
  2 jellies
  23 orc priests
  Crazy Yiuf (D:6)
  21 orc wizards
  Jessica (D:2)
  8 worker ants
  3 iguanas
  A hound zombie (D:9)
  3 hound skeletons
  12 gnolls
  A howler monkey skeleton (D:4)
  11 adders
  A shadow imp (D:9)
  2 oozes (D:2)
  An adder zombie (D:9)
  6 worms
  An adder skeleton (D:6)
  2 dart slugs
  5 leopard geckos
  46 orcs
  A ball python (D:4)
  4 giant cockroaches
  8 goblins
  11 hobgoblins
  12 jackals
  5 quokkas
  9 bats
  5 frilled lizards
  A giant cockroach zombie (D:5)
  5 kobolds
  12 rats
321 creatures vanquished.

Vanquished Creatures (others)
  A quokka (D:8)
1 creature vanquished.

Grand Total: 322 creatures vanquished

Notes
Turn   | Place    | Note
-------+----------+-------------------------------------------
     0 | D:1      | mike2R the Centaur Hunter began the quest for the Orb.
     0 | D:1      | Reached XP level 1. HP: 17/17 MP: 1/1
   212 | D:1      | Reached XP level 2. HP: 24/24 MP: 2/2
   225 | D:1      | Reached skill level 6 in Bows
   819 | D:2      | Reached XP level 3. HP: 29/29 MP: 3/3
   895 | D:2      | Reached skill level 7 in Bows
   994 | D:2      | Reached XP level 4. HP: 23/36 MP: 4/4
  1097 | D:2      | Found a stormy altar of Qazlal.
  1109 | D:2      | Became a worshipper of Qazlal Stormbringer
  1235 | D:2      | Reached skill level 8 in Bows
  1510 | D:2      | Noticed Jessica
  1518 | D:2      | Killed Jessica
  1518 | D:2      | Reached XP level 5. HP: 45/45 MP: 5/5
  1845 | D:3      | Reached * piety under Qazlal
  2116 | D:3      | Reached XP level 6. HP: 20/51 MP: 6/6
  2725 | D:3      | Reached skill level 9 in Bows
  2943 | D:4      | Reached ** piety under Qazlal
  2979 | D:4      | Found an iron altar of Okawaru.
  2987 | D:4      | Reached skill level 1 in Maces & Flails
  3206 | D:4      | Reached XP level 7. HP: 51/57 MP: 7/7
  3592 | D:5      | Entered Level 5 of the Dungeon
  3919 | D:5      | Reached skill level 1 in Invocations
  4117 | D:5      | Learned a level 1 spell: Beastly Appendage
  4722 | D:5      | Reached skill level 1 in Armour
  4754 | D:5      | Reached XP level 8. HP: 52/63 MP: 11/11
  5003 | D:6      | Found a staircase to the Ecumenical Temple.
  5034 | D:6      | Noticed plantmann's ghost (novice SpEn)
  5041 | D:6      | Killed plantmann's ghost
  5065 | D:6      | Found Xeorgh's Gadget Emporium.
  5166 | D:6      | Found a runed door.
  5170 | D:6      | Noticed Crazy Yiuf
  5175 | D:6      | Killed Crazy Yiuf
  5304 | Temple   | Entered the Ecumenical Temple
  5563 | D:6      | Reached skill level 1 in Transmutations
  6668 | D:8      | Found a sacrificial altar of Ru.
  6675 | D:8      | Found a white marble altar of Elyvilon.
  6739 | D:8      | Learned a level 2 spell: Repel Missiles
  6742 | D:8      | Learned a level 2 spell: Swiftness
  6748 | D:8      | Found a shimmering altar of Xom.
  6999 | D:8      | Reached skill level 1 in Charms
  7479 | D:8      | Found a shimmering altar of Xom.
  7480 | D:8      | Found a shimmering altar of Xom.
  7481 | D:8      | Found a shimmering altar of Xom.
  7481 | D:8      | Found a shimmering altar of Xom.
  7481 | D:8      | Found a shimmering altar of Xom.
  7484 | D:8      | Found a shimmering altar of Xom.
  7484 | D:8      | Found a shimmering altar of Xom.
  7506 | D:8      | Found a shimmering altar of Xom.
  7534 | D:8      | Reached XP level 9. HP: 61/70 MP: 10/12
  7551 | D:8      | Noticed Gastronok
  7629 | D:8      | HP: 3/70 [Gastronok/the air (33)]
  8153 | D:7      | Reached skill level 1 in Axes
  8177 | D:7      | Killed Gastronok
  8671 | D:7      | Learned a level 3 spell: Ozocubu's Armour
  8715 | D:8      | Noticed a yaktaur
  8844 | D:8      | Reached skill level 10 in Bows
  8844 | D:8      | Reached XP level 10. HP: 77/77 MP: 13/13
  9067 | D:8      | Noticed Pikel
  9416 | D:8      | Killed Pikel
  9416 | D:8      | Reached skill level 11 in Bows
  9624 | D:9      | Found a glowing silver altar of Zin.
  9894 | D:9      | Reached skill level 12 in Bows
  9897 | D:9      | Found a staircase to the Orcish Mines.
 10108 | D:9      | Found a snail-covered altar of Cheibriados.
 10367 | Orc:1    | Entered Level 1 of the Orcish Mines
 10367 | Orc:1    | Noticed an orc knight
 10641 | D:9      | Reached *** piety under Qazlal
 10660 | D:9      | Killed an orc knight
 10660 | D:9      | Reached skill level 5 in Polearms
 10973 | Orc:1    | Reached XP level 11. HP: 69/82 MP: 14/14
 11045 | Orc:1    | Noticed Josephine
 11081 | D:9      | Killed Josephine
 11081 | D:9      | Reached skill level 5 in Invocations
 11502 | Orc:2    | Entered Level 2 of the Orcish Mines
 11538 | Orc:2    | Found Edwud's Food Shop.
 11570 | Orc:2    | Found a staircase to the Elven Halls.
 11648 | Orc:1    | Reached skill level 13 in Bows
 12033 | Orc:2    | Noticed an orc sorcerer
 12054 | Orc:2    | Killed an orc sorcerer
 12090 | Orc:2    | Noticed an orc high priest
 12102 | Orc:2    | Killed an orc high priest
 12103 | Orc:2    | Noticed an orc knight
 12109 | Orc:2    | Noticed an orc sorcerer
 12525 | Orc:1    | Killed an orc knight
 12591 | Orc:1    | Noticed an orc sorcerer
 12599 | Orc:1    | Killed an orc sorcerer
 12599 | Orc:1    | Reached skill level 14 in Bows
 12733 | Orc:1    | Killed an orc sorcerer
 12870 | Orc:2    | Reached skill level 1 in Ice Magic
 13041 | Orc:2    | Reached **** piety under Qazlal
 13089 | Orc:2    | Noticed an orc sorcerer
 13094 | Orc:2    | Killed an orc sorcerer
 13245 | Orc:2    | Noticed an orc high priest
 13263 | Orc:2    | Killed an orc high priest
 13263 | Orc:2    | Reached skill level 5 in Ice Magic
 13735 | Orc:2    | Noticed an orc sorcerer
 13735 | Orc:2    | Noticed an orc knight
 13764 | Orc:2    | Killed an orc sorcerer
 13779 | Orc:2    | Killed an orc knight
 13779 | Orc:2    | Reached skill level 5 in Fighting
 13779 | Orc:2    | Reached XP level 12. HP: 48/94 MP: 16/16
 13801 | Orc:2    | Noticed an orc high priest
 13811 | Orc:2    | Killed an orc high priest
 14356 | Orc:2    | Noticed an orc warlord
 14376 | Orc:1    | Noticed a stone giant
 14376 | Orc:1    | Hit by a large rock thrown by a stone giant

Skill      XL: |  1  2  3  4  5  6  7  8  9 10 11 12 |
---------------+-------------------------------------+-----
Bows           | 6 7 8 9 10 12 14 | 14.2
Fighting       | 3 5 6 |  6.3
Maces & Flails | 3 4 |  4.1
Invocations    | 4 6 |  6.6
Armour         | 1 4 |  4.0
Transmutations | 2 |  2.4
Charms         | 3 4 |  4.0
Axes           | 7 |  7.1
Polearms       | 5 |  5.4
Ice Magic      | 5 |  5.1
Dodging        | |  1.3
Stealth        | |  0.4

Action                   |  1- 3 |  4- 6 |  7- 9 | 10-12 || total
-------------------------+-------+-------+-------+-------++-------
Melee: Flail             |       |    89 |   246 |    29 ||   364
       Kick              |       |    19 |    53 |    70 ||   142
       Shortbow          |       |     1 |       |       ||     1
       Headbutt          |       |       |    11 |    16 ||    27
       War axe           |       |       |     5 |    40 ||    45
       Unarmed           |       |       |     1 |       ||     1
       Trident           |       |       |       |   259 ||   259
 Fire: Shortbow          |    83 |   133 |   177 |   433 ||   826
 Cast: Beastly Appendage |       |       |    18 |    22 ||    40
       Swiftness         |       |       |     2 |     1 ||     3
       Repel Missiles    |       |       |     1 |     3 ||     4
       Ozocubu's Armour  |       |       |       |    20 ||    20
Invok: Upheaval          |       |       |     6 |     3 ||     9
       Elemental Force   |       |       |       |     1 ||     1
Evoke: Wand              |       |     2 |     2 |       ||     4
  Use: Scroll            |     1 |     9 |     2 |     8 ||    20
       Potion            |       |       |     7 |     4 ||    11
  Eat: Chunk             |       |     5 |    13 |    16 ||    34
       Beef jerky        |       |       |     1 |       ||     1
       Pizza             |       |       |     1 |       ||     1
       Bread ration      |       |       |       |     1 ||     1
Armor: Leather armour    |     9 |    29 |   162 |    23 ||   223
       Robe              |       |     5 |       |   117 ||   122
       Skin              |       |       |     3 |    24 ||    27
       Ring mail         |       |       |       |     5 ||     5
Dodge: Dodged            |    13 |    53 |   122 |   140 ||   328
       Deflected         |       |       |       |    10 ||    10
Block: Other             |       |     4 |    39 |    51 ||    94
